 Dungeon Crawl Stone Soup version 0.30-a0-711-gf4ac18a (webtiles) character file.

Game seed: 7612842025774193430

36273 malesh the Blocker (level 13, -7/118 HPs)
             Began as an Armataur Fighter on Jan 22, 2023.
             Was a High Priest of Qazlal.
             Mangled by a death yak (14 damage)
             ... in an ice cave.
             The game lasted 00:38:13 (15702 turns).

malesh the Blocker (Armataur Fighter)              Turns: 15702, Time: 00:38:14

Health: -7/118     AC: 16    Str: 25    XL:     13   Next: 52%
Magic:  14/14      EV: 10    Int:  8    God:    Qazlal [*****.]
Gold:   417        SH: 21    Dex: 12    Spells: 12/12 levels left

rFire   . . .      SeeInvis .    a - +1 morningstar (heavy)
rCold   + + .      Faith    .    y - +2 buckler
rNeg    . . .      Spirit   .    f - +0 scale mail {rC+}
rPois   +          Reflect  +    B - +0 helmet
rElec   .          Harm     .    (no cloak)
rCorr   .          Roll     +    K - +1 pair of gloves
Will    .....                    (no barding) Stlth
                                 m - amulet of reflection
HPRegen 0.39/turn                k - ring of poison resistance
MPRegen 0.14/turn                H - ring of protection from cold

@: protected from physical damage, repel missiles
A: large, rugged brown scales 3, deformed body, armoured tail, roll, long
tongue, awkward tongue
a: Renounce Religion, Upheaval, Elemental Force, Disaster Area


You were in an ice cave.
You worshipped Qazlal.
Qazlal was extremely pleased with you.
You visited 3 branches of the dungeon, and saw 15 of its levels.
You visited the Abyss 1 time.
You also visited: Ice Cave.

You collected 724 gold pieces.
You spent 307 gold pieces at shops.

Inventory:

Hand Weapons
 a - a +1 heavy morningstar (weapon)
 b - a +1 flail of venom
Armour
 f - a +0 scale mail of cold resistance (worn)
 x - a +3 scale mail
 y - a +2 buckler (worn)
 B - a +0 helmet (worn)
 K - a +1 pair of gloves (worn)
Jewellery
 c - a +6 ring of strength
 k - a ring of poison resistance (left hand)
 m - an amulet of reflection (around neck)
 v - a ring of magical power
 E - a +4 ring of protection
 H - a ring of protection from cold (right hand)
 L - a ring of protection from fire
Wands
 o - a wand of paralysis (17)
 w - a wand of iceblast (6)
 C - a wand of mindburst (5)
 J - a wand of flame (17)
 N - a wand of quicksilver (4)
Scrolls
 e - 3 scrolls of poison
 s - 3 scrolls of fear
 z - 3 scrolls of teleportation
 A - a scroll of brand weapon
 D - a scroll of magic mapping
 F - a scroll of amnesia
 M - a scroll of vulnerability
Potions
 d - a potion of might
 g - 4 potions of attraction
 h - a potion of resistance {unknown}
 i - 2 potions of mutation
 j - 6 potions of curing
 l - 6 potions of ambrosia
 n - 3 potions of lignification
 p - 2 potions of flight
 q - a potion of berserk rage {unknown}
 r - 2 potions of magic {unknown}
 t - a potion of heal wounds {unknown}
 u - 2 potions of haste


   Skills:
 + Level 9.3 Fighting
 + Level 12.7 Maces & Flails
 + Level 11.8 Armour
 + Level 5.3 Dodging
 - Level 1.4 Stealth
 + Level 13.2 Shields
 + Level 2.3 Invocations


You had 12 spell levels left.
You didn't know any spells.
Your spell library contained the following spells:

 Spells                   Type           Power      Damage    Failure   Level
 Sandblast                Erth           0%         2d4       67%         1
 Blink                    Tloc           0%         N/A       82%         2
 Passwall                 Tmut/Erth      0%         N/A       82%         2
 Poisonous Vapours        Pois/Air       0%         N/A       82%         2
 Mephitic Cloud           Conj/Pois/Air  0%         N/A       96%         3
 Portal Projectile        Hex/Tloc       0%         N/A       96%         3
 Stone Arrow              Conj/Erth      0%         3d7       96%         3
 Manifold Assault         Tloc           0%         N/A       100%        4
 Summon Lightning Spire   Summ/Air       0%         N/A       100%        4
 Fireball                 Conj/Fire      0%         3d3       100%        5
 Iskenderun's Battlesphe  Conj           0%         2d6       100%        5
 Conjure Ball Lightning   Conj/Air       0%         3x3d6     100%        6
 Orb of Destruction       Conj           0%         9d5       100%        7
 Storm Form               Tmut/Air       0%         N/A       100%        7
 Maxwell's Capacitive Co  Air            0%         ∞         100%        8


Dungeon Overview and Level Annotations

Branches:
Dungeon (10/15)            Temple (1/1) D:6            Lair (4/5) D:8
 Shoals (0/4) Lair:2        Snake (0/4) Lair:2        IceCv (1/1)
  Slime: Lair:4-5       Orc: D:9-12

Altars:
Ashenzari
Cheibriados
Dithmenos
Elyvilon
Fedhas
Gozag
Hepliaklqana
Kikubaaqudgha
Makhleb
Nemelex Xobeh
Okawaru
Qazlal
Ru
Sif Muna
Trog
Uskayaw
Vehumet
Wu Jian
Xom
Yredelemnul
Zin
The Shining One

Shops:
D:4 *   D:8 !(

Annotations:
D:4 3 runed translucent doors, steven32's ghost, amateur KoBr
D:9 2 transporters


Innate Abilities, Weirdness & Mutations

You are completely covered in rugged brown scales. (AC +3, +7% HP)
Armour fits poorly on your strangely shaped body.
You have a long armoured tail.
You roll when moving toward enemies. (Rampage)
Your long tongue fully drains potion bottles. (2x potion effects)
Your tongue gives you trouble enunciating. (1.5x scroll delay)


Message History

The polar bear is heavily wounded.
You block the polar bear's attack. The polar bear completely misses you.
You block the polar bear's attack. The death yak gores you!!
* * * LOW HITPOINT WARNING * * *
You impale the polar bear!! You tail-slap the polar bear.
You kill the polar bear!
Qazlal accepts your kill. You block the death yak's attack.
You bludgeon the polar bear!!
The polar bear is severely wounded.
You block the death yak's attack. The polar bear bites you.
* * * LOW HITPOINT WARNING * * *
The polar bear claws you but does no damage.
You block the polar bear's attack. The death yak barely misses you.
You block the polar bear's attack. The polar bear barely misses you.
The polar bear claws you but does no damage.
You hit the polar bear. You tail-slap the polar bear.
The polar bear is severely wounded.
The death yak is engulfed in blazing flames.
You block the death yak's attack. You block the polar bear's attack.
The polar bear closely misses you. The polar bear claws you.
* * * LOW HITPOINT WARNING * * *
You puncture the polar bear!
The polar bear is almost dead.
You block the death yak's attack. The polar bear barely misses you.
You block the polar bear's attack. x2
You hit the polar bear but do no damage.
Your tail-slap misses the polar bear.
The polar bear is almost dead.
The death yak is engulfed in blazing flames.
You block the death yak's attack.
The polar bear goes berserk!
You barely miss the polar bear.
The polar bear is almost dead.
The polar bear bites you!!
* * * LOW HITPOINT WARNING * * *
You feel more protected from physical attacks.
You block the polar bear's attack. x2
The death yak is engulfed in blazing flames.
The death yak gores you!
You die...

##§§..
#≈≈≈≈≈≈~~##
....
#≈≈≈≈≈≈~~##
#≈≈≈≈≈≈≈#.#
##≈≈≈≈≈≈#.##
###≈≈≈≈≈≈##.#
##.##≈≈#≈≈##.#
Y.h##≈##≈#..#
#CY######..#
#.#@#.#...#
#hY#h.#...#
##..##...##
#.###..## ##.
#.## . #..
#.##. . .. ##
#.


You could see a death yak and 2 polar bears.

Vanquished Creatures
  A frost giant (IceCv)
  3 hydras
  A boulder beetle (Lair:1)
  A two-headed ogre (D:10)
  5 death yaks
  A lindwurm (Lair:2)
  2 ugly things
  5 black mambas
  5 elephants (Lair:3)
  6 cane toads
  A torpor snail (Lair:1)
  An unseen horror (D:8)
  5 komodo dragons
  2 trolls (D:9)
  2 hornets
  6 polar bears (IceCv)
  17 blink frogs
  3 wraiths
  2 wyverns
  Eustachio (D:4)
  41 yaks
  A basilisk (Lair:4)
  3 steam dragons
  23 water moccasins
  2 orc warriors
  A sky beast (D:6)
  An ice beast (D:7)
  2 ogres
  A phantom (D:5)
  21 wolves
  6 centaurs
  2 kobold brigands (D:6)
  A gnoll sergeant (D:7)
  3 scorpions
  11 bullfrogs
  5 wights (D:8)
  17 killer bees
  2 electric eels
  A jelly (D:8)
  5 hounds
  6 orc priests
  Ijyb (D:4)
  3 iguanas
  7 orc wizards
  11 gnolls
  11 adders
  18 white imps
  A worm (D:5)
  2 dart slugs
  26 orcs
  7 ball pythons
  8 endoplasms
  3 giant cockroaches (D:1)
  8 goblins
  8 hobgoblins
  7 kobolds
  A quokka (D:5)
  5 bats
  5 frilled lizards
  4 rats
361 creatures vanquished.

Vanquished Creatures (collateral kills)
  A sky beast (D:6)
1 creature vanquished.

Vanquished Creatures (others)
  Erica (D:9)
  14 fungi
  13 plants
28 creatures vanquished.

Grand Total: 390 creatures vanquished

Notes
Turn   | Place    | Note
-------+----------+-------------------------------------------
     0 | D:1      | malesh the Armataur Fighter began the quest for the Orb.
     0 | D:1      | Reached XP level 1. HP: 19/19 MP: 1/1
   154 | D:1      | Reached XP level 2. HP: 14/26 MP: 2/2
   588 | D:1      | Reached XP level 3. HP: 33/33 MP: 3/3
  1545 | D:3      | Reached XP level 4. HP: 40/40 MP: 4/4
  2286 | D:4      | Reached skill level 4 in Shields
  2286 | D:4      | Reached XP level 5. HP: 42/48 MP: 5/5
  2481 | D:4      | You fall into a shaft and drop 2 floors!
  2515 | D:6      | Found a stormy altar of Qazlal.
  2685 | D:6      | Reached XP level 6. HP: 21/54 MP: 6/6
  2881 | D:6      | Noticed a water moccasin
  2895 | D:6      | Killed a water moccasin
  2896 | D:6      | Reached skill level 5 in Armour
  2896 | D:6      | Reached skill level 1 in Dodging
  2943 | D:6      | Found a staircase to the Ecumenical Temple.
  2951 | D:6      | Noticed a sky beast
  2958 | D:6      | Killed a sky beast
  2959 | D:6      | Reached XP level 7. HP: 48/62 MP: 7/7
  3154 | Temple   | Entered the Ecumenical Temple
  3386 | D:6      | Became a worshipper of Qazlal Stormbringer
  3394 | D:6      | Found a glowing silver altar of Zin.
  3496 | D:6      | Identified the +11 dagger "Yttiz" {chaos, Str+4 Int-5}
  3713 | D:6      | Found a large runed translucent door.
  3713 | D:6      | Found a large runed translucent door.
  3715 | D:6      | Found a shimmering altar of Xom.
  3921 | D:5      | Entered Level 5 of the Dungeon
  4004 | D:5      | Got the Monograph on the Tincture
  4061 | D:5      | Reached skill level 5 in Shields
  4267 | D:5      | Found a bloodstained altar of Trog.
  4278 | D:5      | Reached skill level 5 in Maces & Flails
  4589 | D:5      | Reached * piety under Qazlal
  4774 | D:4      | Noticed Eustachio
  4774 | D:4      | Found Woenue's Assorted Antiques.
  4805 | D:4      | Killed Eustachio
  4806 | D:4      | Reached XP level 8. HP: 70/70 MP: 8/8
  4814 | D:4      | Bought a scroll of identify for 40 gold pieces
  4814 | D:4      | Bought a scroll labelled CEHEMIQ BUKUSA for 20 gold pieces
  4814 | D:4      | Bought a large pearl ring for 100 gold pieces
  4850 | D:4      | Found a runed translucent gate.
  4851 | D:4      | Found a runed translucent gate.
  4851 | D:4      | Noticed steven32's ghost (amateur KoBr)
  4852 | D:4      | Found a runed translucent gate.
  4988 | D:4      | Noticed Ijyb
  4996 | D:4      | Killed Ijyb
  5271 | Abyss:1  | Cast into level 1 of the Abyss (kobold)
  5334 | Abyss:1  | Noticed a great orb of eyes
  5350 | D:6      | Escaped the Abyss
  5771 | D:7      | Found a white marble altar of Elyvilon.
  5807 | D:6      | Reached skill level 6 in Shields
  6387 | D:7      | Reached XP level 9. HP: 72/77 MP: 9/9
  6428 | D:7      | Reached ** piety under Qazlal
  6534 | D:7      | Got the Encyclopedia of the Vector and Ozone
  6761 | D:7      | Found an ornate altar of the Wu Jian Council.
  7026 | D:8      | Killed an unseen horror
  7027 | D:8      | Reached skill level 1 in Stealth
  7200 | D:8      | Reached skill level 5 in Fighting
  7277 | D:8      | Reached skill level 7 in Shields
  7306 | D:8      | Noticed a death yak
  7323 | D:8      | Killed a death yak
  7524 | D:8      | Found a staircase to the Lair.
  7527 | D:8      | Noticed a death yak
  7532 | D:8      | Noticed a death yak
  7859 | D:8      | Reached XP level 10. HP: 70/88 MP: 10/10
  7935 | D:8      | Killed a death yak
  7936 | D:8      | Reached skill level 8 in Shields
  8096 | D:8      | Killed a death yak
  8410 | D:8      | Found Zystraeck's Antique Weapon Boutique.
  8511 | D:8      | Found Zulesch's Distillery.
  8529 | D:8      | Bought a potion of curing for 39 gold pieces
  8752 | D:9      | Noticed a boulder beetle
  8752 | D:9      | Noticed Erica
  8845 | Lair:1   | Entered Level 1 of the Lair of Beasts
  8847 | Lair:1   | Noticed a cane toad
  9036 | D:9      | Killed Erica
  9197 | D:9      | Noticed a two-headed ogre
  9203 | D:9      | a culicivora changed into a harpy
  9203 | D:9      | Noticed a harpy (shapeshifter)
  9205 | D:9      | Found a transporter.
  9205 | D:9      | Found a snail-covered altar of Cheibriados.
  9211 | D:9      | Noticed a centaur warrior
  9264 | D:9      | Reached XP level 11. HP: 85/97 MP: 11/11
  9333 | D:9      | Reached skill level 9 in Shields
  9511 | D:9      | Noticed a deep troll
  9512 | D:9      | Found a transporter.
  9554 | D:9      | Noticed a mana viper
  9652 | D:10     | Entered Level 10 of the Dungeon
  9666 | D:10     | Reached *** piety under Qazlal
  9711 | D:10     | Reached skill level 10 in Maces & Flails
  9711 | D:10     | Reached skill level 10 in Armour
  9874 | D:10     | Noticed a two-headed ogre
  9885 | D:9      | Noticed a glowing orange brain
  9891 | D:9      | a glowing orange brain changed into a merfolk
  9892 | D:9      | a merfolk changed into a steelbarb worm
  9892 | D:9      | Noticed a steelbarb worm (shapeshifter)
 10192 | D:10     | Noticed a purple ugly thing
 10207 | D:10     | Killed a two-headed ogre
 10213 | D:10     | Killed a purple ugly thing
 10792 | Lair:1   | Reached skill level 10 in Shields
 11445 | Lair:1   | Noticed a boulder beetle
 11459 | Lair:1   | Killed a boulder beetle
 11822 | Lair:2   | Reached XP level 12. HP: 101/108 MP: 12/12
 11926 | Lair:2   | Reached **** piety under Qazlal
 12058 | Lair:2   | Reached skill level 11 in Shields
 12334 | Lair:2   | Found a staircase to the Snake Pit.
 13046 | Lair:2   | Found a staircase to the Shoals.
 13391 | Lair:3   | Reached ***** piety under Qazlal
 13509 | Lair:3   | Reached skill level 12 in Shields
 13741 | Lair:3   | Noticed a four-headed hydra
 13746 | Lair:3   | Killed a four-headed hydra
 14470 | Lair:4   | Reached XP level 13. HP: 114/115 MP: 13/13
 14477 | Lair:4   | Reached skill level 1 in Invocations
 14760 | D:8      | Bought a morningstar for 108 gold pieces
 14945 | Lair:4   | Found a frozen archway.
 14995 | IceCv    | Entered an ice cave
 15227 | IceCv    | Reached skill level 5 in Dodging
 15338 | IceCv    | Reached skill level 13 in Shields
 15676 | IceCv    | Noticed a frost giant
 15684 | IceCv    | Killed a frost giant
 15702 | IceCv    | Mangled by a death yak

Illustrated notes

Levels and vault maps discovered:
D:1:      dpeg_arrival_pits, layout_loops_ring, serial_bayou_ford_a
D:2:      layout_basic, minmay_misc_feat_iff
D:3:      layout_loops_ring, kennysheep_generic_room_9
D:4:      wander_river, layout_gridville, gammafunk_ghost_nasty_kobolds,
          serial_shops, nicolae_shop_waterfront, chequers_serial_rivers_micro_e,
          uniq_eustachio, uniq_ijyb
D:5:      layout_rooms, mainiacjoe_overflow_small_starburst
D:6:      due_chaos_kobolds, layout_layer_cave, mainiacjoe_overflow_big_doors,
          temple_pool_b
D:7:      layout_cave_pools, nzn_wu_jian_contemplation, elyvilon_altar_5
D:8:      layout_basic, dpeg_lair_monsters, nicolae_wooded_promenade,
          minmay_crossroads
D:9:      layout_rooms, gammafunk_temple_overflow_arena,
          chequers_serial_rivers_small_a, minmay_misc_feat_alley, uniq_erica
D:10:     layout_irregular_city
Temple:   eino_temple_scatter_basement
Lair:1:   layout_cave_pods, gauntlet_entry_generic, infiniplex_staircase_pool_2
Lair:2:   layout_roguey, minmay_shoals_entry_centaurs,
          minmay_snake_entry_six_corridors, grunt_megastairs_4
Lair:3:   layout_loops_ring, nicolae_lair_grove_arrangements,
          serial_bayou_shore_a
Lair:4:   layout_regular_city, portal_ice_cave_entry_imps
IceCv:    ice_cave_caverns_02

Skill      XL: |  1  2  3  4  5  6  7  8  9 10 11 12 13 |
---------------+----------------------------------------+-----
Maces & Flails | 2 3 4 5 6 7 9 11 12 | 12.7
Armour         | 4 5 6 7 9 10 11 | 11.8
Fighting       | 3 4 5 6 7 8 9 |  9.3
Shields        | 4 5 6 7 8 10 12 13 | 13.2
Dodging        | 1 2 3 4 5 |  5.3
Stealth        | 1 |  1.4
Invocations    | 2 |  2.3

Action                     |  1- 3 |  4- 6 |  7- 9 | 10-12 | 13-15 || total
---------------------------+-------+-------+-------+-------+-------++-------
  Melee: Flail             |   115 |   121 |   389 |   640 |    20 ||  1285
         Tailslap          |     9 |    12 |    60 |   107 |    31 ||   219
         Morningstar       |       |       |       |       |   176 ||   176
 Invoke: Upheaval          |       |       |       |     2 |       ||     2
    Use: Scroll            |       |    13 |     7 |     4 |     3 ||    27
         Potion            |       |       |     2 |     2 |       ||     4
 Armour: Scale mail        |    61 |    40 |   188 |   152 |    58 ||   499
  Dodge: Dodged            |    39 |    24 |   121 |   132 |    55 ||   371
         Repelled          |       |       |       |     2 |     1 ||     3
  Block: Buckler           |    25 |    50 |   228 |   501 |   218 ||  1022
         Reflection        |       |       |     5 |     9 |     2 ||    16

Table legend: (Time is in decaauts)
 A = Elapsed time spent in this place.
 B = Non-inter-level travel time spent in this place.
 C = Inter-level travel time spent in this place.
 D = Time resting spent in this place.
 E = Time spent auto-exploring this place.
 F = Levels seen in this place.
 G = Mean time per level.
                   A        B        C        D        E       F      G
               +--------+--------+--------+--------+--------+-----+--------+
         Total |  15870 |  14680 |   1190 |   1651 |  10103 |  17 |  933.5 |
       Dungeon |  10514 |   9656 |    858 |   1311 |   6422 |  10 | 1051.4 |
        Temple |    169 |    133 |     36 |      0 |    117 |   1 |  169.0 |
          Lair |   4339 |   4043 |    296 |    180 |   3184 |   4 | 1084.8 |
         Abyss |     95 |     95 |      0 |      4 |     37 |   1 |   95.0 |
      Ice Cave |    751 |    751 |      0 |    156 |    343 |   1 |  751.0 |
               +--------+--------+--------+--------+--------+-----+--------+

Top non-repeatable levels by time:
     D:8: 2105 daAuts
     D:6: 2003 daAuts
  Lair:2: 1574 daAuts
  Lair:1: 1420 daAuts
     D:7: 1128 daAuts
  Lair:3: 1095 daAuts
     D:5: 882 daAuts
     D:9: 856 daAuts
     D:1: 787 daAuts
     D:2: 766 daAuts
   IceCv: 751 daAuts
     D:3: 738 daAuts
     D:4: 712 daAuts
    D:10: 532 daAuts
  Lair:4: 249 daAuts
